Map: Lightshade LE

Players

intercenam - Winner!

  • Race: Protoss Protoss
  • League: Diamond

PashkaRU

  • Race: Protoss Protoss
  • League: Diamond

VOD

Have the link to the VOD?

Description

Time

  • Played on: May 1, 2021, 4:46 p.m.
  • Length: 13:59
Show
View Real Time Build Order
Export as new Build Order

intercenam Protoss - Winner!

Build Orders:  

Get SALT Encoding   

  12  0:00  Probe  
  13  0:12  Probe  
  14  0:17  Pylon  
  14  0:26  Probe  
  15  0:36  Gateway  
  15  0:38  Probe (Chrono Boost)  
  16  0:44  Assimilator  
  17  0:50  Probe (Chrono Boost)  
  17  0:56  Probe (Chrono Boost)  
  18  0:58  Assimilator  
  18  1:04  Probe  
  19  1:14  Gateway  
  19  1:16  Probe  
  20  1:29  Cybernetics Core  
  20  1:30  Probe  
  21  1:41  Pylon  
  21  1:42  Probe (Chrono Boost)  
  22  1:52  Probe (Chrono Boost)  
  23  2:00  Probe  
  23  2:05  Sentry, Stalker  
  23  2:06  Warp Gate  
  28  2:12  Probe  
  29  2:22  Pylon  
  29  2:31  Stalker  
  31  2:40  Stalker  
  32  2:55  Probe  
  33  3:00  Robotics Facility  
  33  3:03  Forge  
  33  3:07  Probe  
  34  3:25  Shield Battery  
  30  3:44  Nexus  
  28  3:48  Protoss Ground Weapons Level 1  
  28  3:49  Observer  
  29  4:02  Probe  
  30  4:09  Stalker  
  32  4:19  Stalker  
  32  4:24  Probe  
  35  4:36  Probe  
  36  4:42  Pylon  
  33  4:49  Probe  
  34  4:53  Immortal (Chrono Boost)  
  38  5:00  Observer  
  38  5:01  Probe  
  39  5:13  Probe x2 (Chrono Boost)  
  43  5:22  Probe x2 (Chrono Boost)  
  43  5:27  Probe (Chrono Boost)  
  42  5:30  Probe  
  44  5:37  Shield Battery  
  44  5:39  Probe, Phoenix  
  45  5:43  Probe  
  45  5:49  Immortal (Chrono Boost)  
  46  5:51  Probe  
  46  5:56  Probe  
  52  5:59  Sentry  
  52  6:00  Sentry  
  52  6:03  Probe  
  57  6:08  Probe  
  58  6:15  Probe  
  58  6:18  Shield Battery  
  59  6:20  Probe  
  60  6:28  Stalker  
  60  6:29  Stalker  
  56  6:39  Probe x2  
  58  6:42  Assimilator  
  58  6:43  Shield Battery  
  58  6:44  Assimilator  
  58  6:46  Protoss Ground Armor Level 1  
  58  6:50  Twilight Council  
  58  6:51  Probe  
  58  6:53  Warp Prism  
  61  6:56  Probe  
  62  7:32  Nexus  
  62  7:33  Probe x2  
  62  7:34  Pylon  
  56  7:40  Immortal (Chrono Boost)  
  56  7:45  Probe x2  
  56  7:48  Pylon  
  58  7:56  Gateway  
  58  7:57  Probe x2  
  60  7:58  Shield Battery  
  60  7:59  Pylon  
  60  8:06  Adept  
  60  8:07  Adept  
  60  8:09  Probe  
  60  8:10  Probe  
  66  8:24  Gateway  
  66  8:27  Gateway  
  64  8:32  Adept  
  64  8:33  Adept  
  66  8:38  Probe x2  
  68  8:47  Immortal (Chrono Boost)  
  66  8:50  Probe x2  
  70  9:00  Sentry x3  
  70  9:02  Probe x2  
  78  9:05  Templar Archives  
  78  9:07  Gateway  
  78  9:10  Probe  
  78  9:14  Probe  
  80  9:19  Observer (Chrono Boost)  
  80  9:20  Protoss Ground Weapons Level 2  
  81  9:25  Charge  
  81  9:27  Zealot  
  81  9:28  Zealot x2  
  81  9:29  Probe x2  
  89  9:33  Assimilator  
  89  9:38  Assimilator  
  89  9:39  Probe  
  89  9:41  Probe  
  89  9:42  Adept x2  
  89  9:44  Probe  
  96  9:51  Probe  
  97  9:53  Probe  
  97  9:59  Robotics Facility  
  98  10:04  Pylon  
  98  10:05  Robotics Bay  
  98  10:07  Pylon  
  98  10:09  Probe x2  
  100  10:15  Pylon  
  100  10:17  Pylon  
  100  10:35  High Templar x2  
  102  10:36  High Templar x4  
  110  10:51  Archon x2  
  110  10:52  Probe x2, Archon  
  110  10:54  Disruptor x2  
  116  11:05  Pylon  
  116  11:07  Forge  
  116  11:10  High Templar x2  
  116  11:11  Pylon, Zealot x4  
  122  11:12  Gateway  
  122  11:14  Gateway, Archon  
  122  11:16  Pylon  
  128  11:18  Pylon  
  128  11:26  Dark Shrine  
  128  11:31  Disruptor x2  
  128  11:32  Nexus  
  134  11:34  Pylon  
  134  11:41  Gateway, High Templar x2  
  134  11:42  Gateway, Zealot x4  
  134  11:45  Archon  
  134  11:47  Phoenix  
  146  11:50  Probe  
  146  11:51  Probe  
  148  11:57  Stargate  
  148  12:07  Disruptor x2  
  154  12:12  Assimilator  
  154  12:16  Assimilator  
  154  12:19  Shield Battery  
  154  12:21  Shield Battery  
  154  12:27  Zealot  
  154  12:28  Zealot x4  
  154  12:29  Zealot x3  
  170  12:40  Probe x2  
  170  12:41  Probe  
  173  12:52  Fleet Beacon  
  173  12:55  Stargate  
  174  12:58  Probe  
  174  12:59  Probe x3  
  177  13:11  Probe  
  177  13:12  Probe  
  179  13:13  Stargate  
  179  13:14  Probe x2  
  181  13:27  Stargate  
  181  13:33  Gateway  
  181  13:36  Gateway  
  181  13:39  Pylon  
  181  13:42  Pylon  
  181  13:45  Pylon  
  156  13:55  Zealot x3  
  148  13:56  Zealot x6  
  148  13:57  Zealot  
Show
View Real Time Build Order
Export as new Build Order

PashkaRU Protoss 

Build Orders: Oracle Opening 

Get SALT Encoding   

  12  0:00  Probe  
  13  0:12  Probe  
  14  0:17  Pylon  
  14  0:25  Probe (Chrono Boost)  
  15  0:38  Probe (Chrono Boost)  
  15  0:39  Gateway  
  16  0:43  Probe (Chrono Boost)  
  16  0:46  Assimilator  
  17  0:52  Probe  
  17  0:55  Assimilator  
  18  1:04  Probe (Chrono Boost)  
  19  1:12  Gateway  
  19  1:16  Probe (Chrono Boost)  
  20  1:23  Probe  
  21  1:26  Cybernetics Core  
  21  1:36  Probe  
  22  1:41  Pylon  
  22  1:48  Probe  
  23  2:02  Stargate  
  23  2:08  Adept  
  23  2:09  Adept  
  23  2:12  Warp Gate  
  27  2:20  Pylon  
  27  2:34  Robotics Facility  
  27  2:40  Shield Battery  
  27  2:47  Oracle (Chrono Boost)  
  29  3:16  Nexus  
  25  3:50  Pylon  
  25  3:52  Observer  
  26  4:02  Probe (Chrono Boost)  
  27  4:12  Shield Battery, Probe (Chrono Boost)  
  27  4:13  Adept  
  27  4:14  Immortal (Chrono Boost)  
  27  4:16  Adept  
  36  4:17  Probe (Chrono Boost)  
  37  4:29  Probe (Chrono Boost)  
  38  4:35  Probe (Chrono Boost)  
  36  4:53  Immortal  
  36  4:54  Sentry  
  36  4:55  Sentry  
  36  4:56  Probe x2  
  46  5:08  Probe x2  
  46  5:09  Pylon  
  48  5:17  Stalker  
  48  5:19  Stalker  
  48  5:20  Probe x2  
  54  5:32  Probe  
  54  5:33  Probe  
  56  5:41  Gateway  
  56  5:42  Stalker x2  
  60  5:57  Probe x2  
  62  6:09  Nexus  
  62  6:12  Pylon  
  62  6:19  Probe x2  
  48  6:34  Immortal (Chrono Boost)  
  48  6:38  Stalker x3  
  52  6:44  Gateway  
  52  6:45  Gateway  
  52  6:49  Probe, Pylon  
  52  6:50  Probe  
  54  6:56  Shield Battery  
  54  7:00  Shield Battery  
  54  7:03  Adept  
  54  7:04  Sentry  
  54  7:05  Sentry  
  60  7:10  Probe  
  60  7:22  Probe  
  61  7:34  Probe  
  62  7:51  Stalker x4  
  64  7:56  Nexus, Pylon  
  70  7:59  Pylon x2  
  70  8:02  Assimilator  
  70  8:04  Assimilator  
  70  8:12  Robotics Bay  
  70  8:14  Immortal  
  70  8:15  Adept x2  
  70  8:19  Adept  
  78  8:25  Shield Battery  
  76  8:36  Probe x2 (Chrono Boost)  
  78  8:44  Stalker  
  78  8:45  Sentry  
  78  8:46  Probe x2 (Chrono Boost)  
  84  8:50  Probe (Chrono Boost)  
  84  8:51  Probe (Chrono Boost)  
  86  9:02  Probe  
  87  9:06  Disruptor (Chrono Boost)  
  90  9:18  Probe x2  
  90  9:19  Shield Battery, Probe  
  90  9:23  Shield Battery  
  93  9:25  Shield Battery  
  93  9:35  Disruptor (Chrono Boost)  
  96  9:58  Twilight Council  
  96  10:00  Forge  
  96  10:03  Pylon  
  96  10:08  Disruptor (Chrono Boost)  
  96  10:09  Stalker x3  
  96  10:13  Probe x3  
  108  10:20  Assimilator  
  108  10:25  Probe x3, Assimilator  
  108  10:28  Shield Battery  
  106  10:37  Probe x3  
  106  10:40  Disruptor  
  106  10:42  Stalker x4  
  116  10:49  Probe (Chrono Boost)  
  116  10:51  Probe (Chrono Boost)  
  116  10:52  Probe (Chrono Boost)  
  116  10:56  Protoss Ground Weapons Level 1 (Chrono Boost)  
  116  10:59  Blink (Chrono Boost)  
  116  11:01  Probe (Chrono Boost)  
  117  11:08  Pylon  
  117  11:10  Pylon  
  117  11:11  Pylon  
  117  11:12  Pylon  
  117  11:19  Photon Cannon  
  117  11:26  Probe x2  
  117  11:27  Photon Cannon  
  117  11:30  Photon Cannon  
  119  11:33  Photon Cannon  
  119  11:38  Probe x2, Pylon  
  121  11:42  Photon Cannon  
  121  11:49  Disruptor (Chrono Boost)  
  121  11:50  Probe x2  
  126  11:57  Robotics Facility  
  126  11:59  Probe  
  127  12:09  Photon Cannon  
  127  12:17  Disruptor (Chrono Boost)  
  127  12:21  Stalker x5  
  140  12:28  Pylon  
  140  12:34  Gateway  
  140  12:36  Gateway  
  140  12:50  Warp Prism (Chrono Boost)  
  142  12:56  Observer (Chrono Boost)  
  143  12:59  Probe  
  144  13:11  Probe  
  145  13:19  Nexus, Stalker x3  
  151  13:20  Pylon  
  151  13:21  Sentry  
  151  13:22  Sentry  
  151  13:23  Pylon  
Tags
 
Add a new tag
Caveats
  • Supply blocks, unpowered buildings, or Contaminate may cause inaccurate times.
  • Supply counts are checked every 10 seconds.